cohdb
Replays
Latest Replays
All Replays
Popular Replays
Top Player Replays
Match Explorer
How It Works
Community
CoH3 Stats
Reddit
Sign in to upload your games and track your stats! →
Sign in with Steam
Match 47304825
Unlisted
Match 47304825
Overview
Messages
Build Orders
End
Construct Barracks
Selects Special Operations Battlegroup
Riflemen Squad
M1 Mortar Team
Riflemen Squad
Construct Weapon Support Center
M1919 Machine Gun Team
Selects Raiding Flares
Mechanized Support Center
M1918 Browning Automatic Rifles
Selects SSF Commando Squad
Selects SSF Commando Squad
SSF Commando Squad
Faurix
Hansizzle
我的臭脚随莱闻
yylyoo
苏大大
【嗜血狼族】灵狐魅儿
二郎显圣真君
www
0
0
Comments
sign in to comment!
No comments posted yet!